AoeStats
← Barón de la Cerveza

MegaRandom

504590188Analyzed
1v1 RM · 28d ago on Sep 5, 2026· 47m 34s· 2 players
Game mode
Random Map
Map size
Tiny (2 player)
Population
200
Speed
Normal
Resources
Standard
Victory
Conquest
Starting age
Dark Age
Ending age
Imperial Age
RankedLock teamsTeams togetherTeam positionsShared explorationLock speedFull tech treeHidden civsTurbo modeCheats
Victory
Defeat
🇲🇽 Sicilians · Mexico
1929
+12
🇲🇽 Portuguese · Mexico
1836
-12
Barón de la Cerveza
1:46 Loom
3:01 Loom
10:22 Feudal Age
13:56 Fletching
17:01 Double-Bit Axe
22:38 Castle Age
22:56 Horse Collar
23:12 Gold Mining
23:19 Bodkin Arrow
22:45 Crossbowman
24:37 Scale Barding Armor
27:08 Bow Saw
31:25 Wheelbarrow
31:36 Fishing Lines
36:03 Imperial Age
35:44 Hand Cart
37:26 Stone Mining
37:56 Pikeman
39:42 Conscription
39:08 Halberdier
40:36 Bracer
42:17 Chain Barding Armor
42:10 Forging
42:00 Scale Mail Armor
44:00 Chain Mail Armor
46:28 Plate Mail Armor
46:34 Iron Casting
__Chino
6:13 Loom
10:54 Feudal Age
11:25 Double-Bit Axe
15:31 Fletching
20:46 Castle Age
19:05 Scale Mail Armor
19:32 Gold Mining
19:25 Horse Collar
21:35 Squires
21:53 Bow Saw
22:18 Chain Mail Armor
23:12 Arson
29:02 Scale Barding Armor
30:44 Wheelbarrow
30:26 Bloodlines
30:55 Forging
31:47 Heavy Plow
32:38 Chain Barding Armor
32:28 Town Watch
34:29 Iron Casting
37:59 Imperial Age
35:27 Pikeman
37:35 Husbandry
38:34 Hand Cart
38:03 Cavalier
39:46 Blast Furnace
39:00 Hauberk
39:05 Bodkin Arrow
40:05 Plate Barding Armor
40:18 Gambesons
41:59 Plate Mail Armor
40:53 Capped Ram
42:26 Hauberk
43:06 Elite Serjeant
44:00 Siege Ram
45:11 Bodkin Arrow
45:58 Town Patrol
47:39 Masonry
48:33 Chemistry
Connection lost

Rejoining the realm…

Still unreachable

The connection could not be restored.

Session expired

The server has moved on; the page needs a fresh start.